AoeStats
← 白馬义从

MegaRandom

509891927Analyzed
4v4 RM · 3d ago on Sep 28, 2026· 55m 34s· 8 players
Game mode
Random Map
Map size
Large (8 player)
Population
200
Speed
Normal
Resources
Standard
Victory
Conquest
Starting age
Dark Age
Ending age
Imperial Age
RankedLock teamsTeams togetherTeam positionsShared explorationLock speedFull tech treeHidden civsTurbo modeCheats
Victory
Defeat
🇺🇸 Danes · United States
1049
+10
🇹🇼 Wei · Taiwan
997
+16
🇺🇸 Mongols · United States
969
+14
🇦🇷 Franks · Argentina
901
+17
🇦🇷 Huns · Argentina
968
-15
🇸🇪 Danes · Sweden
956
-15
🇸🇪 Varangians · Sweden
898
-12
🇪🇸 Vietnamese · Spain
848
-11
THAI-MING
10:02 Feudal Age
12:08 Loom
15:24 Castle Age
13:17 Double-Bit Axe
13:27 Gold Mining
16:21 Bow Saw
18:28 Horse Collar
21:04 Gold Shaft Mining
20:40 Heavy Plow
25:01 Wheelbarrow
25:56 Stone Mining
27:06 Hand Cart
27:12 Town Watch
28:02 Caravan
32:54 Imperial Age
30:49 Hamask
31:57 Town Patrol
33:47 Scale Mail Armor
33:57 Forging
33:17 Elite Jomsviking
34:47 Conscription
35:32 Squires
35:18 Arson
34:54 Elite Varangian Guard
38:18 Pikeman
39:15 Chain Mail Armor
39:36 Iron Casting
39:21 Halberdier
40:34 Plate Mail Armor
39:45 Man-at-Arms
40:10 Gambesons
45:15 Blast Furnace
43:45 Long Swordsman
44:11 Gambesons
44:27 Two-Handed Swordsman
46:02 Champion
47:04 Fletching
47:15 Padded Archer Armor
47:42 Ballistics
48:23 Chemistry
47:50 Thumb Ring
47:08 Crossbowman
48:13 Elite Skirmisher
49:35 Bodkin Arrow
52:02 Bracer
52:17 Leather Archer Armor
52:10 Murder Holes
El Lobizon Chinchu
1:42 Loom
14:03 Feudal Age
15:17 Double-Bit Axe
16:11 Horse Collar
20:54 Castle Age
22:32 Gold Mining
22:34 Stone Mining
23:33 Forging
23:14 Fletching
25:52 Wheelbarrow
26:04 Bow Saw
26:46 Padded Archer Armor
28:11 Hand Cart
28:26 Ballistics
31:15 Thumb Ring
36:48 Imperial Age
37:49 Iron Casting
37:20 Scale Barding Armor
38:06 Bodkin Arrow
38:27 Leather Archer Armor
39:22 Husbandry
38:46 Cavalier
39:39 Bloodlines
41:43 Light Cavalry
42:55 Hussar
kikekalimar
12:38 Feudal Age
13:23 Double-Bit Axe
14:38 Gold Mining
14:52 Loom
15:18 Fishing Lines
16:28 Man-at-Arms
17:17 Horse Collar
18:31 Stone Mining
24:41 Castle Age
25:17 Forging
24:58 Fletching
25:42 Bow Saw
26:00 Heavy Plow
25:28 Pikeman
25:31 Long Swordsman
26:45 Bodkin Arrow
27:11 Gillnets
28:11 Medium Warships
30:38 Stone Shaft Mining
29:28 Elite Skirmisher
33:13 Caravan
36:44 Town Watch
38:12 Iron Casting
37:38 Scale Mail Armor
40:10 Imperial Age
39:51 Padded Archer Armor
40:07 Chain Mail Armor
40:15 Imperial Skirmisher
41:28 Bracer
41:44 Leather Archer Armor
41:10 Halberdier
44:01 Chemistry
42:46 Arrowslits
44:30 Ring Archer Armor
47:48 Treadmill Crane
49:12 Squires
51:20 Paper Money
50:55 Two-Handed Swordsman
Avipt
13:04 Feudal Age
13:39 Double-Bit Axe
13:37 Horse Collar
19:53 Castle Age
17:44 Fishing Lines
19:38 Gold Mining
19:39 Stone Mining
24:42 Bow Saw
25:08 Husbandry
25:19 Bloodlines
24:39 Light Cavalry
25:14 Arson
26:49 Caravan
29:21 Wheelbarrow
29:13 Medium Warships
29:49 Squires
30:22 Gambesons
32:30 Forging
32:26 Scale Barding Armor
32:28 Heavy Plow
34:21 Vendel Legacy
40:38 Elite Skirmisher
44:38 Chain Barding Armor
44:54 Iron Casting
44:33 Fletching
44:44 Padded Archer Armor
52:51 Imperial Age
51:42 Bodkin Arrow
53:16 Leather Archer Armor
tommy bobbins
8:03 Loom
11:25 Feudal Age
15:33 Castle Age
13:43 Double-Bit Axe
20:44 Horse Collar
26:50 Fletching
28:20 Heavy Plow
31:51 Imperial Age
29:36 Murder Holes
30:14 Ballistics
30:54 Caravan
31:25 Bodkin Arrow
31:30 Padded Archer Armor
31:48 Bow Saw
31:35 Gold Mining
32:43 Wheelbarrow
33:53 Conscription
34:13 Bloodlines
34:03 Husbandry
34:45 Bracer
35:00 Leather Archer Armor
36:44 Elite Mangudai
38:06 Siege Engineers
38:39 Leather Archer Armor
39:24 Capped Ram
42:51 Chemistry
42:28 Siege Ram
46:40 Thumb Ring
47:00 Parthian Tactics
50:08 Scale Barding Armor
50:14 Forging
50:21 Light Cavalry
Alaresun
4:10 Loom
12:29 Feudal Age
14:13 Double-Bit Axe
14:12 Horse Collar
19:07 Castle Age
18:51 Wheelbarrow
19:22 Gold Mining
19:23 Stone Mining
19:49 Forging
19:42 Scale Mail Armor
20:59 Bow Saw
22:29 Heavy Plow
23:30 Squires
23:15 Arson
25:07 Hand Cart
25:27 Caravan
27:11 Gold Shaft Mining
27:13 Stone Shaft Mining
27:25 Town Watch
31:42 Imperial Age
30:38 Iron Casting
30:20 Chain Mail Armor
29:55 Fletching
32:47 Elite Jomsviking
34:02 Plate Mail Armor
34:38 Blast Furnace
33:37 Bodkin Arrow
34:47 Ballistics
34:24 Murder Holes
35:08 Conscription
35:27 Siege Engineers
37:22 Chemistry
36:33 Masonry
37:03 Hamask
39:18 Heated Shot
39:43 Northmen's Fury
40:46 Onager
42:50 Siege Onager
44:29 Elite Varangian Guard
45:11 Bracer
53:57 Hoardings
53:14 Guard Tower
53:10 Arrowslits
53:46 Shipwright
53:36 Clinker Construction
53:31 Padded Archer Armor
53:37 Scale Barding Armor
52:57 Pikeman
52:57 Man-at-Arms
53:23 Gambesons
55:45 Town Patrol
56:04 Leather Archer Armor
56:10 Chain Barding Armor
55:13 Halberdier
55:13 Long Swordsman
56:06 Careening
56:32 Keep
Sefton OY
10:16 Feudal Age
11:19 Double-Bit Axe
12:59 Fishing Lines
13:58 Wheelbarrow
13:08 Horse Collar
15:05 Loom
19:39 Castle Age
17:49 Town Watch
19:08 Gold Mining
19:08 Stone Mining
20:46 Bow Saw
21:50 Gold Shaft Mining
21:51 Fletching
22:10 Heavy Plow
22:50 Gillnets
24:56 Caravan
26:04 Padded Archer Armor
26:50 Hand Cart
27:11 Leather Archer Armor
30:24 Stone Shaft Mining
29:56 Thumb Ring
30:03 Husbandry
30:13 Bloodlines
32:46 Imperial Age
31:15 Town Patrol
32:41 Tuntian
33:15 Bodkin Arrow
33:13 Heavy Hei Guang Cavalry
35:18 Forging
35:14 Scale Barding Armor
35:31 Light Cavalry
38:03 Coinage
38:21 Hoardings
40:48 Crop Rotation
42:21 Banking
42:35 Bracer
43:05 Ring Archer Armor
43:11 Iron Casting
42:56 Chain Barding Armor
44:06 Conscription
48:29 Parthian Tactics
48:16 Hussar
52:33 Ring Archer Armor
53:04 Blast Furnace
52:24 Chain Barding Armor
51:28 Elite Tiger Cavalry
52:34 Ming Guang Armor
55:28 Chemistry
54:48 Ballistics
54:40 Masonry
54:10 Treadmill Crane
54:26 Murder Holes
54:42 Careening
54:43 Clinker Construction
54:43 Fortified Wall
54:24 Heated Shot
54:24 Guard Tower
白馬义从
1:00 Loom
11:12 Feudal Age
12:39 Double-Bit Axe
14:50 Town Watch
17:59 Scale Barding Armor
20:48 Castle Age
19:41 Stone Mining
19:48 Gold Mining
20:54 Forging
25:22 Wheelbarrow
28:04 Bow Saw
31:47 Husbandry
34:20 Iron Casting
38:30 Imperial Age
37:54 Fletching
38:35 Cavalier
42:20 Conscription
46:25 Elite Skirmisher
48:38 Capped Ram
49:40 Padded Archer Armor
50:41 Gold Shaft Mining
51:25 Chemistry
50:08 Treadmill Crane
53:35 Light Cavalry
55:59 Hand Cart
55:43 Bodkin Arrow
Connection lost

Rejoining the realm…

Still unreachable

The connection could not be restored.

Session expired

The server has moved on; the page needs a fresh start.